EL
MONTGOMERY BISCUITS @ NEW HAMPSHIRE FISHER CATS
07/30/2044
 
TOP OF THE 1ST
Montgomery Biscuits batting - Pitching for New Hampshire Fisher Cats : LHP Jon Sosa
Pitching: LHP Jon Sosa
Batting: LHB Davion Lewis 0-0: Swinging Strike
0-1: Ball
1-1: Ball
2-1: Ball
3-1: Swinging Strike
3-2: Base on Balls
Batting: RHB Wing-kit Bu 0-0: Called Strike
0-1: Ball
1-1: Ball
2-1: Foul Ball, location: 2F
2-2: Foul Ball, location: 2F
2-2: Fielders Choice at 2nd, 4-6 (Groundball, 4M, EV 100.0 MPH)
Batting: SHB Willie Koviak 0-0: Ball
Wing-kit Bu steals 2nd base (no throw)
1-0: Swinging Strike
1-1: Ball
2-1: Ball
3-1: Base on Balls
Batting: SHB Brett McEwen 0-0: Ball
1-0: Called Strike
1-1: Called Strike
1-2: Ball
2-2: Strikes out looking
Batting: RHB Devin Brown 0-0: Ball
1-0: Ball
2-0: Called Strike
2-1: Ball
3-1: Base on Balls
Wing-kit Bu to third
Willie Koviak to second
Batting: LHB Barnabé Metrass 0-0: Called Strike
0-1: Foul Ball, location: 2F
0-2: Strikes out swinging
Top of the 1st over - 0 runs, 0 hits, 0 errors, 3 left on base; Montgomery 0 - New Hampshire 0
BOTTOM OF THE 1ST
New Hampshire Fisher Cats batting - Pitching for Montgomery Biscuits : RHP Steve DiDomenico
Pitching: RHP Steve DiDomenico
Batting: SHB Spencer Jones 0-0: Called Strike
0-1: SINGLE (Line Drive, 5, EV 96.9 MPH)
Batting: RHB Donny Burnside 0-0: Ball
1-0: Foul Ball, location: 2F
1-1: Ball
2-1: Foul Ball, location: 2F
2-2: SINGLE (Groundball, 56D, EV 110.0 MPH)
Spencer Jones to second
Batting: LHB Ray Whitehead 0-0: Called Strike
Spencer Jones steals 3rd base (no throw)
Donny Burnside to second
0-1: Ball
1-1: Called Strike
1-2: Ball
2-2: SINGLE (Groundball, 3D, EV 94.4 MPH)
Spencer Jones scores
Donny Burnside to third
Runner from 3rd tries for Home, throw by RF and OUT! 9-2
Batting: RHB Nikita Schram 0-0: Foul Ball, location: 2F
0-1: Foul Ball, location: 2F
0-2: DOUBLE (Line Drive, 7LS, EV 96.9 MPH)
Ray Whitehead to third
Runner from 3rd tries for Home, SAFE, no throw by LF
Batting: SHB Eduardo Maldonado 0-0: Called Strike
Nikita Schram steals 3rd base
0-1: Ball
1-1: Foul Ball, location: 2F
1-2: Foul Ball, location: 2F
1-2: Ball
2-2: Strikes out looking and he physically ARGUES THE CALL AND IS TOSSED!
Batting: LHB Sumiki Okuhara 0-0: Ball
1-0: Ball
2-0: Ball
3-0: Called Strike
3-1: Called Strike
3-2: Foul Ball, location: 2F
3-2: Strikes out looking
Bottom of the 1st over - 2 runs, 4 hits, 0 errors, 1 left on base; Montgomery 0 - New Hampshire 2
TOP OF THE 2ND
Montgomery Biscuits batting - Pitching for New Hampshire Fisher Cats : LHP Jon Sosa
Now at C: Justin Veatch
Batting: LHB David Seminario 0-0: Called Strike
0-1: Fly out, F8 (Flyball, 78M, EV 92.5 MPH)
Batting: RHB Mick Corrigan 0-0: Called Strike
0-1: Ball
1-1: Ball
2-1: Foul Ball, location: 2F
2-2: Ball
3-2: Ground out 4-3 (Groundball, 4, EV 101.2 MPH)
Batting: RHB Alfredo Moreno 0-0: Ball
1-0: Foul Ball, location: 2F
1-1: Swinging Strike
1-2: Strikes out swinging
Top of the 2nd over - 0 runs, 0 hits, 0 errors, 0 left on base; Montgomery 0 - New Hampshire 2
BOTTOM OF THE 2ND
New Hampshire Fisher Cats batting - Pitching for Montgomery Biscuits : RHP Steve DiDomenico
Batting: RHB Jorge Baret 0-0: Called Strike
0-1: Fly out, F8 (Flyball, 8RS, EV 83.1 MPH)
Batting: RHB Cyril Husson 0-0: Ball
1-0: Called Strike
1-1: Foul Ball, location: 2F
1-2: SINGLE (Line Drive, 78M, EV 93.8 MPH)
Batting: RHB Porter Welsh 0-0: Ball
1-0: Ball
2-0: Ball
3-0: Base on Balls
Cyril Husson to second
Batting: SHB Spencer Jones 0-0: Ball
1-0: Called Strike
1-1: Fly out, F2 (Popup, 2L, EV 85.6 MPH)
Batting: RHB Donny Burnside 0-0: Called Strike
0-1: Foul Ball, location: 2F
0-2: Ball
1-2: Ball
2-2: Ball
3-2: Base on Balls
Cyril Husson to third
Porter Welsh to second
Batting: LHB Ray Whitehead 0-0: Foul Ball, location: 2F
0-1: Fly out, F5 (Popup, 25F, EV 83.8 MPH)
Bottom of the 2nd over - 0 runs, 1 hit, 0 errors, 3 left on base; Montgomery 0 - New Hampshire 2
TOP OF THE 3RD
Montgomery Biscuits batting - Pitching for New Hampshire Fisher Cats : LHP Jon Sosa
Batting: LHB Davion Lewis 0-0: Called Strike
0-1: Ball
1-1: Ball
2-1: Foul Ball, location: 2F
2-2: Strikes out swinging
Batting: RHB Wing-kit Bu 0-0: Foul Ball, location: 2F
0-1: Ball
1-1: Foul Ball, location: 2F
1-2: Ball
2-2: Reached via error on a dropped throw from SS, E3 (Groundball, 6, EV 86.2 MPH)
Batting: SHB Willie Koviak 0-0: Ball
1-0: Called Strike
1-1: Ball
2-1: Ball
3-1: Grounds out, U3 (Groundball, 3L, EV 93.8 MPH)
Batting: SHB Brett McEwen 0-0: Called Strike
0-1: Ball
1-1: Ball
2-1: Ball
3-1: Base on Balls
Batting: RHB Devin Brown 0-0: Foul Ball, location: 2F
0-1: DOUBLE (Flyball, 78XD, EV 101.9 MPH)
Wing-kit Bu scores
Brett McEwen to third
Runner from 3rd tries for Home, SAFE, throw by CF to trailing runner, SAFE at third!
Batting: LHB Barnabé Metrass 0-0: Called Strike
0-1: Ball
1-1: Swinging Strike
1-2: Ball
2-2: Strikes out swinging
Top of the 3rd over - 2 runs, 1 hit, 1 error, 1 left on base; Montgomery 2 - New Hampshire 2
BOTTOM OF THE 3RD
New Hampshire Fisher Cats batting - Pitching for Montgomery Biscuits : RHP Steve DiDomenico
Batting: RHB Nikita Schram 0-0: Called Strike
0-1: Ball
1-1: Ground out 5-3 (Groundball, 56, EV 98.8 MPH)
Batting: SHB Justin Veatch 0-0: Foul Ball, location: 2F
0-1: Ball
1-1: Ball
2-1: Foul Ball, location: 2F
2-2: Strikes out swinging
Batting: LHB Sumiki Okuhara 0-0: Ball
1-0: Ball
2-0: Ball
3-0: Called Strike
3-1: Swinging Strike
3-2: Base on Balls
Batting: RHB Jorge Baret 0-0: Ball
1-0: Called Strike
Sumiki Okuhara steals 2nd base
1-1: Ball
2-1: Reached on error, E6 (Groundball, 6, EV 102.5 MPH)
Sumiki Okuhara to third
Batting: RHB Cyril Husson 0-0: Ball
1-0: Called Strike
1-1: Called Strike
1-2: Ball
2-2: Ball
3-2: Fly out, F8 (Flyball, 8RXD, EV 90.6 MPH)
Bottom of the 3rd over - 0 runs, 0 hits, 1 error, 2 left on base; Montgomery 2 - New Hampshire 2
TOP OF THE 4TH
Montgomery Biscuits batting - Pitching for New Hampshire Fisher Cats : LHP Jon Sosa
Batting: LHB David Seminario 0-0: Swinging Strike
0-1: Called Strike
0-2: Ball
1-2: Strikes out swinging
Batting: RHB Mick Corrigan 0-0: Ball
1-0: Foul Ball, location: 2F
1-1: SINGLE (Groundball, 34D, EV 98.8 MPH)
Batting: RHB Alfredo Moreno 0-0: Foul Ball, location: 2F
0-1: Ball
1-1: Called Strike
1-2: Foul Ball, location: 2F
1-2: Strikes out swinging
Batting: LHB Davion Lewis 0-0: Called Strike
0-1: Swinging Strike
0-2: Ball
1-2: Strikes out swinging
Top of the 4th over - 0 runs, 1 hit, 0 errors, 1 left on base; Montgomery 2 - New Hampshire 2
BOTTOM OF THE 4TH
New Hampshire Fisher Cats batting - Pitching for Montgomery Biscuits : RHP Steve DiDomenico
Batting: RHB Porter Welsh 0-0: Ball
1-0: Foul Ball, location: 2F
1-1: Fly out, F2 (Popup, 23F, EV 81.9 MPH)
Batting: SHB Spencer Jones 0-0: Ball
1-0: Ball
2-0: Ball
3-0: Called Strike
3-1: TRIPLE (Line Drive, 9LD, EV 112.5 MPH)
Batting: RHB Donny Burnside 0-0: Ball
1-0: Ball
2-0: Called Strike
2-1: Ball
3-1: Foul Ball, location: 2F
3-2: Base on Balls
Batting: LHB Ray Whitehead 0-0: Ball
Donny Burnside steals 2nd, throwing error, E2
Spencer Jones scores
Donny Burnside to third
1-0: Foul Ball, location: 2F
1-1: Swinging Strike
1-2: Strikes out swinging
Batting: RHB Nikita Schram 0-0: Called Strike
0-1: Ball
1-1: Swinging Strike
1-2: Foul Ball, location: 2F
1-2: Foul Ball, location: 2F
1-2: Ball
Wild Pitch!
Donny Burnside scores
2-2: Ground out 4-3 (Groundball, 4, EV 87.5 MPH)
Bottom of the 4th over - 2 runs, 1 hit, 1 error, 0 left on base; Montgomery 2 - New Hampshire 4
TOP OF THE 5TH
Montgomery Biscuits batting - Pitching for New Hampshire Fisher Cats : LHP Jon Sosa
Batting: RHB Wing-kit Bu 0-0: Ball
1-0: Foul Ball, location: 2F
1-1: Ball
2-1: Fly out, F6 (Line Drive, 6, EV 67.5 MPH)
Batting: SHB Willie Koviak 0-0: Ball
1-0: Called Strike
1-1: Fly out, F9 (Flyball, 9LD, EV 107.5 MPH)
Batting: SHB Brett McEwen 0-0: Called Strike
0-1: Foul Ball, location: 2F
0-2: Ball
1-2: Ball
2-2: Ball
3-2: Base on Balls
Batting: RHB Devin Brown 0-0: Fly out, F6 (Line Drive, 6, EV 66.2 MPH)
Top of the 5th over - 0 runs, 0 hits, 0 errors, 1 left on base; Montgomery 2 - New Hampshire 4
BOTTOM OF THE 5TH
New Hampshire Fisher Cats batting - Pitching for Montgomery Biscuits : RHP Steve DiDomenico
Batting: SHB Justin Veatch 0-0: Called Strike
0-1: Swinging Strike
0-2: Foul Ball, location: 2F
0-2: Ball
1-2: Ground out 5-3 (Groundball, 56S, EV 69.4 MPH)
Batting: LHB Sumiki Okuhara 0-0: Ball
1-0: SINGLE (Groundball, 34D, EV 95.6 MPH)
Batting: RHB Jorge Baret 0-0: Ball
1-0: SINGLE (Groundball, 4MD, EV 108.8 MPH)
Sumiki Okuhara to second
Runner from 2nd tries for 3rd, SAFE, throw by CF made to third
Jorge Baret to second
Pitching: RHP Jesse Rosa
Batting: RHB Cyril Husson 0-0: Swinging Strike
0-1: Ball
1-1: Ball
2-1: Ball
3-1: Foul Ball, location: 2F
3-2: Foul Ball, location: 2F
3-2: Strikes out swinging
Batting: RHB Porter Welsh 0-0: Ball
1-0: Ground out 6-3 (Groundball, 6, EV 103.1 MPH)
Bottom of the 5th over - 0 runs, 2 hits, 0 errors, 2 left on base; Montgomery 2 - New Hampshire 4
TOP OF THE 6TH
Montgomery Biscuits batting - Pitching for New Hampshire Fisher Cats : LHP Jon Sosa
Pitching: LHP Doug Axelsen
Batting: LHB Barnabé Metrass 0-0: Ball
1-0: Ball
2-0: Ball
3-0: Called Strike
3-1: Ground out U3 (Groundball, 3, EV 85.6 MPH)
Batting: LHB David Seminario 0-0: Ball
1-0: Ground out 3-1 (Groundball, 34, EV 79.4 MPH)
Batting: RHB Mick Corrigan 0-0: Ball
1-0: Swinging Strike
1-1: Foul Ball, location: 2F
1-2: Ball
2-2: Strikes out swinging
Top of the 6th over - 0 runs, 0 hits, 0 errors, 0 left on base; Montgomery 2 - New Hampshire 4
BOTTOM OF THE 6TH
New Hampshire Fisher Cats batting - Pitching for Montgomery Biscuits : RHP Jesse Rosa
Batting: SHB Spencer Jones 0-0: Called Strike
0-1: Called Strike
0-2: Ball
1-2: Strikes out swinging
Batting: RHB Donny Burnside 0-0: Called Strike
0-1: SINGLE (Groundball, 6MD, EV 110.6 MPH)
Batting: LHB Ray Whitehead 0-0: Called Strike
Donny Burnside steals 2nd base
0-1: SINGLE (Groundball, 34D, EV 96.2 MPH)
Donny Burnside to third
Runner from 3rd tries for Home, SAFE, throw by RF to home
Batting: RHB Nikita Schram 0-0: Foul Ball, location: 2F
0-1: Called Strike
0-2: SINGLE (Groundball, 6D, EV 110.6 MPH)
Ray Whitehead to second
Batting: SHB Justin Veatch 0-0: Ball
1-0: Swinging Strike
1-1: Swinging Strike
1-2: Ball
2-2: Foul Ball, location: 2F
2-2: Foul Ball, location: 2F
2-2: Fielders Choice at 2nd, 5-4 (Groundball, 6, EV 90.0 MPH)
Ray Whitehead to third
Batting: LHB Sumiki Okuhara 0-0: Ball
1-0: Called Strike
1-1: Ball
2-1: Foul Ball, location: 2F
2-2: Ball
3-2: SINGLE (Groundball, 6MS, EV 68.8 MPH) (infield hit)
Ray Whitehead scores
Justin Veatch to second
Batting: RHB Jorge Baret 0-0: Ball
1-0: SINGLE (Groundball, 6MD, EV 108.1 MPH)
Justin Veatch to third
Sumiki Okuhara to second
Runner from 3rd tries for Home, SAFE, throw by CF to home
Pitching: RHP Francisco Reyes
Batting: RHB Cyril Husson 0-0: Ball
1-0: Ball
2-0: Fielders Choice at 2nd, 5-4 (Groundball, 56, EV 83.8 MPH)
Bottom of the 6th over - 3 runs, 5 hits, 0 errors, 2 left on base; Montgomery 2 - New Hampshire 7
TOP OF THE 7TH
Montgomery Biscuits batting - Pitching for New Hampshire Fisher Cats : LHP Doug Axelsen
Now in LF: Sumiki Okuhara
Now in CF: Dan Hilyer
Batting: RHB Alfredo Moreno 0-0: Called Strike
0-1: Foul Ball, location: 2F
0-2: Strikes out swinging
Batting: LHB Davion Lewis 0-0: Ball
1-0: Called Strike
1-1: Called Strike
1-2: Ball
2-2: Ball
3-2: SINGLE (Flyball, 7LS, EV 90.0 MPH)
Batting: RHB Wing-kit Bu 0-0: Called Strike
0-1: Ball
1-1: Foul Ball, location: 2F
1-2: Fly out, F8 (Line Drive, 8RD, EV 111.9 MPH)
Batting: SHB Willie Koviak 0-0: Ball
1-0: Foul Ball, location: 2F
1-1: Called Strike
1-2: Ball
2-2: Ground out 4-3 (Groundball, 4, EV 83.8 MPH)
Top of the 7th over - 0 runs, 1 hit, 0 errors, 1 left on base; Montgomery 2 - New Hampshire 7
BOTTOM OF THE 7TH
New Hampshire Fisher Cats batting - Pitching for Montgomery Biscuits : RHP Francisco Reyes
Batting: RHB Porter Welsh 0-0: Called Strike
0-1: Swinging Strike
0-2: Ball
1-2: Fly out, F8 (Flyball, 8LXD, EV 80.6 MPH)
Batting: SHB Spencer Jones 0-0: Called Strike
0-1: Swinging Strike
0-2: Strikes out looking
Batting: RHB Donny Burnside 0-0: Ball
1-0: Swinging Strike
1-1: SINGLE (Flyball, 7LM, EV 100.0 MPH)
Batting: LHB Ray Whitehead 0-0: Ball
Donny Burnside steals 2nd base (no throw)
1-0: Called Strike
1-1: Swinging Strike
1-2: Foul Ball, location: 2F
1-2: Ball
2-2: Ground out 1-3 (Groundball, 23, EV 75.0 MPH)
Bottom of the 7th over - 0 runs, 1 hit, 0 errors, 1 left on base; Montgomery 2 - New Hampshire 7
TOP OF THE 8TH
Montgomery Biscuits batting - Pitching for New Hampshire Fisher Cats : LHP Doug Axelsen
Batting: SHB Brett McEwen 0-0: Ball
1-0: Called Strike
1-1: Foul Ball, location: 2F
1-2: Ball
2-2: Foul Ball, location: 2F
2-2: SINGLE (Line Drive, 89S, EV 97.5 MPH)
Pitching: RHP Cody Walsh
Batting: RHB Devin Brown 0-0: Swinging Strike
0-1: Ball
1-1: Ball
2-1: Foul Ball, location: 2F
2-2: Ball
3-2: Foul Ball, location: 2F
3-2: Fly out, F8 (Flyball, 89M, EV 87.5 MPH)
Batting: LHB Barnabé Metrass 0-0: Called Strike
0-1: Called Strike
0-2: Ball
1-2: Hit by Pitch
Brett McEwen to second
Batting: LHB David Seminario 0-0: Called Strike
0-1: Foul Ball, location: 2F
0-2: Fly out, F6 (Flyball, 6MD, EV 83.1 MPH)
Batting: RHB Mick Corrigan 0-0: Called Strike
0-1: Foul Ball, location: 2F
0-2: Ball
1-2: Ball
2-2: Hit by Pitch
Brett McEwen to third
Barnabé Metrass to second
Batting: RHB Alfredo Moreno 0-0: SINGLE (Groundball, 56, EV 104.4 MPH)
Brett McEwen scores
Barnabé Metrass to third
Mick Corrigan to second
Runner from 3rd tries for Home, SAFE, throw by LF to home
Batting: LHB Davion Lewis 0-0: Foul Ball, location: 2F
0-1: SINGLE (Line Drive, 8LM, EV 88.1 MPH)
Mick Corrigan to third
Alfredo Moreno to second
Runner from 3rd tries for Home, SAFE, throw by CF to home
Alfredo Moreno to third
Davion Lewis to second
Batting: RHB Wing-kit Bu 0-0: Called Strike
0-1: Ball
1-1: SINGLE (Groundball, 56S, EV 71.9 MPH) (infield hit)
Alfredo Moreno scores
Davion Lewis to third
Batting: SHB Willie Koviak 0-0: Foul Ball, location: 2F
0-1: Ball
1-1: Called Strike
1-2: Foul Ball, location: 2F
1-2: Foul Ball, location: 2F
1-2: Strikes out swinging
Top of the 8th over - 4 runs, 4 hits, 0 errors, 2 left on base; Montgomery 6 - New Hampshire 7
BOTTOM OF THE 8TH
New Hampshire Fisher Cats batting - Pitching for Montgomery Biscuits : RHP Francisco Reyes
Batting: RHB Nikita Schram 0-0: Called Strike
0-1: DOUBLE (Line Drive, 5D, EV 105.0 MPH)
Batting: SHB Justin Veatch 0-0: Ball
1-0: Ground out U3 (Groundball, 3L, EV 91.2 MPH)
Nikita Schram to third
Batting: LHB Sumiki Okuhara 0-0: Intentional Walk
Batting: RHB Dan Hilyer 0-0: Called Strike
0-1: Ball
1-1: 3-RUN HOME RUN (Flyball, 78XD, EV 115.0 MPH), Distance : 430 ft
Pitching: RHP Joey Morrison
Batting: RHB Cyril Husson 0-0: Foul Ball, location: 2F
0-1: Ball
1-1: Foul Ball, location: 2F
1-2: Ball
2-2: Ball
3-2: Strikes out swinging
Batting: RHB Porter Welsh 0-0: Called Strike
0-1: Called Strike
0-2: Foul Ball, location: 2F
0-2: Ball
1-2: Ball
2-2: Ball
3-2: Ground out 5-3 (Groundball, 56, EV 85.6 MPH)
Bottom of the 8th over - 3 runs, 2 hits, 0 errors, 0 left on base; Montgomery 6 - New Hampshire 10
TOP OF THE 9TH
Montgomery Biscuits batting - Pitching for New Hampshire Fisher Cats : RHP Cody Walsh
Pitching: LHP Vinny Zavala
Batting: SHB Brett McEwen 0-0: Called Strike
0-1: Ground out 4-3 (Groundball, 4, EV 86.2 MPH)
Batting: RHB Devin Brown 0-0: Ball
1-0: Foul Ball, location: 2F
1-1: Ball
2-1: Ground out 3-1 (Groundball, 13, EV 91.2 MPH)
Batting: LHB Barnabé Metrass 0-0: Ball
1-0: Ground out 4-3 (Groundball, 4, EV 101.2 MPH)
Top of the 9th over - 0 runs, 0 hits, 0 errors, 0 left on base; Montgomery 6 - New Hampshire 10
Thursday, March 31st , 2022 - OOTP Baseball 22.12 Build 89